 Dungeon Crawl Stone Soup version 0.21-a0-380-gd65dc97 (webtiles) character file.

294 nikopol the Poker (level 6, -5/38 HPs)
             Began as a Gargoyle Berserker on Oct 17, 2017.
             Was a Priest of Trog.
             Slain by an ogre
             ... wielding a +0 giant spiked club
              (25 damage)
             ... on level 3 of the Dungeon.
             The game lasted 00:07:33 (3154 turns).

nikopol the Poker (Gargoyle Berserker)              Turns: 3154, Time: 00:07:34

Health: -5/38      AC: 11    Str: 21    XL:     6   Next: 34%
Magic:  6/6        EV: 12    Int:  7    God:    Trog [***...]
Gold:   212        SH:  0    Dex: 15    Spells: 5/5 levels left

rFire    + . .     SeeInvis .   a - +0 spear
rCold    + . .     Gourm    .   (no shield)
rNeg     + . .     Faith    +   j - +0 ring mail
rPois    ∞         Spirit   .   x - +0 helmet
rElec    +         Reflect  .   y - scarf {rC+ rF+}
rCorr    .         Harm     .   (no gloves)
MR       .....                  (no boots)
Stlth    +.........             s - amulet of faith
HPRegen  0.12/turn              (no ring)
MPRegen  0.10/turn              t - +4 ring of dexterity

@: no status effects
A: negative energy resistance 1, electricity resistance, unbreathing,
petrification resistance, rot immunity, AC +4
a: Berserk, Trog's Hand, Burn Spellbooks, Renounce Religion


You were on level 3 of the Dungeon.
You worshipped Trog.
Trog was most pleased with you.
You were not hungry.

You visited 1 branch of the dungeon, and saw 4 of its levels.

You collected 212 gold pieces.

Inventory:

Hand Weapons
 a - a +0 spear (weapon)
Missiles
 u - 38 arrows
Armour
 b - a +0 animal skin
 j - a +0 ring mail (worn)
 x - a +0 helmet (worn)
 y - a scarf of resistance (worn)
Jewellery
 s - an amulet of faith (around neck)
 t - a +4 ring of dexterity (right hand)
Scrolls
 g - a scroll of blinking {unknown}
 h - a scroll of fear
 i - 3 scrolls of fog
 k - 4 scrolls of identify {unknown}
 l - 6 scrolls of remove curse
 n - a scroll of recharging {unknown}
 r - 4 scrolls of amnesia {unknown}
 v - a scroll of immolation {unknown}
Potions
 e - 2 potions of degeneration {unknown}
 f - 2 potions of invisibility {unknown}
 m - 2 potions of might {unknown}
 o - 2 potions of heal wounds {unknown}
 p - 2 potions of brilliance {unknown}
 q - a potion of agility {unknown}
 A - a potion of haste {unknown}
Comestibles
 c - 3 bread rations
 w - 3 fruits


   Skills:
 + Level 4.2 Fighting
 + Level 5.0 Polearms
 + Level 3.3 Armour
 + Level 2.4 Dodging
 + Level 0.1 Stealth


You had 5 spell levels left.
You didn't know any spells.

Dungeon Overview and Level Annotations

Branches:
Dungeon (4/15)
 Temple: D:4-7

Altars:

Annotations:
D:4 Blork the orc


Innate Abilities, Weirdness & Mutations

You are resistant to torment.
Your stone body is resilient. (AC +4)
You are immune to poison.
You resist negative energy. (rN+)
You are resistant to electric shocks. (rElec)
You can survive without breathing.
You are immune to petrification.
You are immune to rotting.


Message History

You climb upwards.
There is a stone staircase leading down here.
You hit the ogre.
The ogre is lightly wounded.
The ogre misses you.
You hit the ogre.
The ogre is moderately wounded.
You hit the ogre.
The ogre is heavily wounded.
The ogre hits you with a giant spiked club.
You puncture the ogre!
The ogre is severely wounded.
The ogre closely misses you.
You barely miss the ogre.
The ogre is severely wounded.
You hit the ogre but do no damage.
The ogre is severely wounded.
The ogre hits you with a giant spiked club!!
Ouch! That really hurt!
You die...

#......# #..###.# ############
##.##### #...##.# #..........#
#.###### #.#.##.. #.###.#.##.#
#......###.#.##.# ##.###.#.##.#
####............# ..........#.#
#...#####.#### .....#.#..#.#
##### #..# ...#.#.#..#.######
#.## #..............O@# ##.##
..##.###########.#### #...#
#.##>########.......# #...#
#.##.......##.##.##.# #...#
...........##....##.######...####
..##.......##....................
..##.......##....................
.###.....#>.........#............
## #....###.>......##.####...####


You could see an ogre.

Vanquished Creatures
  A phantom (D:4)
  A jelly (D:4)
  A worker ant (D:4)
  2 adders
  10 oozes
  An adder skeleton (D:4)
  3 worms
  2 dart slugs
  10 orcs
  16 bats
  4 goblins
  5 hobgoblins
  6 frilled lizards
  14 kobolds
  3 rats (D:1)
79 creatures vanquished.

Vanquished Creatures (others)
  A rat (D:3)
  A fungus (D:4)
  6 toadstools (D:4)
8 creatures vanquished.

Grand Total: 87 creatures vanquished

Notes
Turn   | Place    | Note
-------+----------+-------------------------------------------
     0 | D:1      | nikopol the Gargoyle Berserker began the quest for the Orb.
     0 | D:1      | Reached XP level 1. HP: 14/14 MP: 1/1
    52 | D:1      | Reached XP level 2. HP: 19/19 MP: 2/2
    56 | D:1      | Reached skill level 3 in Polearms
   506 | D:2      | Reached ** piety under Trog
   506 | D:2      | Reached XP level 3. HP: 22/24 MP: 3/3
  1685 | D:3      | Reached XP level 4. HP: 21/29 MP: 4/4
  2487 | D:4      | Noticed a phantom
  2505 | D:4      | Reached skill level 4 in Polearms
  2505 | D:4      | Reached XP level 5. HP: 15/33 MP: 5/5
  2524 | D:4      | Killed a phantom
  2725 | D:4      | Reached XP level 6. HP: 24/38 MP: 6/6
  2728 | D:4      | Reached *** piety under Trog
  2986 | D:4      | Reached skill level 5 in Polearms
  3106 | D:4      | Noticed Blork the orc
  3154 | D:3      | Slain by an ogre

Vault maps used:
D:1:      nzn_arrival_water_spiral
D:2:      minivault_26
D:3:      first_bread
D:4:      cheibrodos_fertilizer, st_stairs_9, uniq_blork_the_orc

Skill      XL: |  1  2  3  4  5  6 |
---------------+-------------------+-----
Polearms       | 3 4 5 |  5.0
Fighting       | 4 |  4.2
Dodging        | 2 |  2.4
Armour         | 3 |  3.3
Stealth        | |  0.1

Action                   |  1- 3 |  4- 6 || total
-------------------------+-------+-------++-------
Melee: Spear             |   159 |   194 ||   353
Invok: Berserk           |       |     2 ||     2
  Use: Scroll            |       |     3 ||     3
  Eat: Chunk             |     3 |     4 ||     7
       Royal jelly       |       |     1 ||     1
Armor: Animal skin       |     3 |       ||     3
       Ring mail         |    32 |    58 ||    90
Dodge: Dodged            |    63 |    77 ||   140

Table legend:
 A = Spawn XP
 B = Non-spawn XP
 C = Spawn XP percentage of total XP
 D = Spawn monster count
 E = Non-spawn monster count
 F = Spawn count percentage of total count
 G = Total turns spent on level
                    A         B        C        D         E        F      G
               +---------+---------+-------+---------+---------+-------+---------
         Total |       0 |     421 |   0.0 |       0 |      79 |   0.0 |  3154
               +---------+---------+-------+---------+---------+-------+---------
           D:1 |       0 |      30 |   0.0 |       0 |      17 |   0.0 |   439
           D:2 |       0 |      41 |   0.0 |       0 |      20 |   0.0 |  1170
           D:3 |       0 |      56 |   0.0 |       0 |      18 |   0.0 |   824
           D:4 |       0 |     294 |   0.0 |       0 |      24 |   0.0 |   721
               +---------+---------+-------+---------+---------+-------+---------
